 Dungeon Crawl Stone Soup version 0.30-a0-1114-gd936c97349 (webtiles) character file.

Game seed: 350101631666675447

29 PLAYERX the Insei (level 3, 0/28 HPs)
             Began as a Gnoll Wanderer on Apr 20, 2023.
             Slain by a gnoll
             ... wielding a +0 flail
              (14 damage)
             ... on level 2 of the Dungeon.
             The game lasted 00:06:44 (912 turns).

PLAYERX the Insei (Gnoll Wanderer)                   Turns: 912, Time: 00:06:44

Health: 0/28       AC:  2    Str: 10    XL:     3   Next: 16%
Magic:  7/7        EV: 12    Int: 10    God:
Gold:   19         SH:  0    Dex: 15    Spells: 7/7 levels left

rFire   . . .      SeeInvis .    a - +0 falchion
rCold   . . .      Faith    .    (no shield)
rNeg    . . .      Spirit   .    e - +0 robe
rPois   .          Reflect  .    (no helmet)
rElec   .          Rampage  .    (no cloak)
rCorr   .                        (no gloves)
Will    .....                    (no boots)
Stlth   ++                       (no amulet)
HPRegen 0.24/turn                (no ring)
MPRegen 0.10/turn                (no ring)

@: no status effects
A: fangs 1, strong nose, distributed training
a: no special abilities


You were on level 2 of the Dungeon.
You visited 1 branch of the dungeon, and saw 2 of its levels.

You collected 19 gold pieces.

Inventory:

Hand Weapons
 a - a +0 falchion (weapon)
Armour
 e - a +0 robe (worn)
Wands
 c - a wand of flame (5) (quivered)
Scrolls
 b - 2 scrolls of fear
 f - a scroll of immolation {unknown}
 g - 2 scrolls of identify {unknown}
 i - a scroll of fog {unknown}
Potions
 d - 2 potions of lignification
 h - a potion of berserk rage {unknown}


   Skills:
 + Level 2.6 Fighting
 + Level 0.7 Short Blades
 + Level 4.5 Long Blades
 + Level 0.7 Axes
 + Level 0.7 Maces & Flails
 + Level 0.7 Polearms
 + Level 0.7 Staves
 + Level 0.7 Ranged Weapons
 + Level 0.7 Throwing
 + Level 0.7 Armour
 + Level 2.6 Dodging
 + Level 0.7 Stealth
 + Level 0.7 Shields
 + Level 6.5 Unarmed Combat
 + Level 2.8 Spellcasting
 + Level 0.5 Conjurations
 + Level 0.5 Hexes
 + Level 0.5 Summonings
 + Level 0.5 Necromancy
 + Level 0.5 Translocations
 + Level 0.5 Transmutations
 + Level 0.5 Fire Magic
 + Level 0.5 Ice Magic
 + Level 0.5 Air Magic
 + Level 0.5 Earth Magic
 + Level 0.5 Poison Magic
 + Level 0.9 Invocations
 + Level 4.5 Evocations


You had 7 spell levels left.
You didn't know any spells.
Your spell library was empty.

Dungeon Overview and Level Annotations

Branches:
Dungeon (2/15)

Altars:


Innate Abilities, Weirdness & Mutations

You have very sharp teeth.
Your uncanny sense of smell can sniff out nearby items.
Your experience applies equally to all skills.


Message History

You closely miss the ball python. You bite the ball python.
The ball python is heavily wounded.
The ball python bites you. The ball python constricts you.
You closely miss the ball python.
The ball python is moderately wounded.
The ball python barely misses you. The ball python constricts you.
You barely miss the ball python.
The ball python is moderately wounded.
The ball python bites you. The ball python constricts you.
You closely miss the ball python. You punch the ball python.
You kill the ball python!
You see here a ball python corpse.
i - a scroll labelled ETZEAQ QAMOM HP restored.
A bat is nearby!
The gnoll shouts!
You completely miss the bat.
The gnoll shouts!
The bat closely misses you. The bat misses you.
You hit the bat.
The bat is severely wounded.
The bat closely misses you. The bat barely misses you.
Aiming: Throw Flame
Press: ? - help, Shift-Dir - straight line, f - gnoll
Aim: a gnoll, wielding a +0 club (wandering, hasn't noticed you, 77% to hit)
The puff of flame misses the bat.
The puff of flame hits the gnoll.
The gnoll is moderately wounded.
The gnoll shouts!
The bat closely misses you.
Unknown command.
You miss the bat. The bat barely misses you.
You closely miss the bat. The bat barely misses you. x2
You hit the bat.
The bat is severely wounded.
The bat barely misses you.
The gnoll hits you from afar with a +0 spear.
The gnoll hits you with a +0 flail! The gnoll attacks as you move away!
The gnoll hits you with a +0 flail!
Ouch! That really hurt!
You die...

### ##### .# #.......#
###############.#. #.#...#.#
#......##........ #.......#
#.####.##.##..#.##
#<.g.....##.####.##.##..#...
#.g.........#.............# .
#..g.....b.g#.##.##....[#.##.
####.#...g..@.##.##..........
......g......##....†...#
#.....#########.#.#...#
####.##...... #.#.#...##
#....<....... #.#.......
#.##.##...... ..#..#.... ...
b.... ###..<..). #..## ....
##.##### #.. ... #.#


You could see 3 gnolls and a bat.

Vanquished Creatures
  A gnoll (D:1)
  An endoplasm (D:1)
  A giant cockroach (D:1)
  5 hobgoblins
  3 kobolds
  3 ball pythons
  4 rats (D:1)
18 creatures vanquished.

Vanquished Creatures (others)
  2 fungi (D:2)
  A plant (D:2)
3 creatures vanquished.

Grand Total: 21 creatures vanquished

Notes
Turn   | Place    | Note
-------+----------+-------------------------------------------
     0 | D:1      | PLAYERX the Gnoll Wanderer began the quest for the Orb.
     0 | D:1      | PLAYERX set off with the following items: a +0 falchion, 2
                  | scrolls of fear, a wand of flame (6), a potion of
                  | lignification, a +0 robe.
     0 | D:1      | Reached XP level 1. HP: 17/17 MP: 4/4
   206 | D:1      | Reached XP level 2. HP: 23/23 MP: 5/5
   660 | D:1      | Reached XP level 3. HP: 5/28 MP: 7/7
   912 | D:2      | Slain by a gnoll

Illustrated notes

Levels and vault maps discovered:
D:1:      wheals_arrival_shading, layout_loops_cross, dk_noncrumbling_3
D:2:      layout_loops_cross, shapermc_ecumenical_altar_mp_ritualfount

Action                     || total
---------------------------++-------
  Melee: Falchion          ||    54
         Bite              ||     3
         Punch             ||     4
  Evoke: Wand              ||     1
   Stab: Sleeping          ||     1
 Armour: Robe              ||     6
  Dodge: Dodged            ||    32

Table legend: (Time is in decaauts)
 A = Elapsed time spent in this place.
 B = Non-inter-level travel time spent in this place.
 C = Inter-level travel time spent in this place.
 D = Time resting spent in this place.
 E = Time spent auto-exploring this place.
 F = Levels seen in this place.
 G = Mean time per level.
                   A        B        C        D        E       F      G
               +--------+--------+--------+--------+--------+-----+--------+
         Total |    916 |    847 |     69 |    142 |    523 |   2 |  458.0 |
       Dungeon |    916 |    847 |     69 |    142 |    523 |   2 |  458.0 |
               +--------+--------+--------+--------+--------+-----+--------+

Top non-repeatable levels by time:
     D:1: 829 daAuts
     D:2: 87 daAuts
